 Dungeon Crawl Stone Soup version 0.21.1-1-g345015fe64 (webtiles) character file.

108 Gargoyl the Skirmisher (level 4, -1/38 HPs)
             Began as a Centaur Abyssal Knight on July 29, 2018.
             Was a Follower of Lugonu.
             Slain by a goblin (2 damage)
             ... led by Robin
             ... on level 2 of the Dungeon.
             The game lasted 00:01:59 (1711 turns).

Gargoyl the Skirmisher (Centaur Abyssal Knight)     Turns: 1711, Time: 00:01:59

Health: -1/38      AC:  7    Str: 15    XL:     4   Next: 58%
Magic:  6/6        EV:  1    Int: 11    God:    Lugonu [*.....]
Gold:   50         SH:  7    Dex:  9    Spells: 3/3 levels left

rFire    . . .     SeeInvis .   a - +1 hand axe
rCold    . . .     Gourm    .   d - +0 shield
rNeg     . . .     Faith    .   j - +0 chain mail
rPois    .         Spirit   .   (no helmet)
rElec    .         Reflect  .   (no cloak)
rCorr    .         Harm     .   (no gloves)
MR       .....                  (no barding)
Stlth    ..........             (no amulet)
HPRegen  0.12/turn              e - ring of flight
MPRegen  0.10/turn              (no ring)

@: very quick
A: large, hooves 3, deformed body, speed 2, tough skin 3
a: Depart the Abyss, Renounce Religion, Evoke Flight


You were on level 2 of the Dungeon.
You worshipped Lugonu.
Lugonu was aware of your devotion.
You were hungry.

You visited 1 branch of the dungeon, and saw 2 of its levels.
You visited the Abyss 1 time.

You collected 50 gold pieces.

Inventory:

Hand Weapons
 a - a +1 hand axe (weapon)
Armour
 d - a +0 shield (worn)
 j - a +0 chain mail (worn)
Jewellery
 e - a ring of flight (left hand)
Scrolls
 f - 2 scrolls of identify {unknown}
 g - a scroll of teleportation {unknown}
Potions
 h - a potion of heal wounds {unknown}
 i - 4 potions of curing {unknown}
Comestibles
 c - 4 rations


   Skills:
 + Level 3.5 Fighting
 + Level 2.5 Axes
 * Level 2.4 Armour
 + Level 0.7 Dodging
 + Level 0.4 Shields
 * Level 2.8 Invocations


You had 3 spell levels left.
You didn't know any spells.

Dungeon Overview and Level Annotations

Branches:
Dungeon (2/15)

Altars:


Innate Abilities, Weirdness & Mutations

You have hooves in place of feet.
Armour fits poorly on your strangely shaped body.
You cover ground very quickly.
You have extremely tough skin. (AC +3)


Message History

The worm is moderately wounded.
The worm bites you!
* * * LOW HITPOINT WARNING * * *
You barely miss the worm. You kick the worm!
The worm is severely wounded.
The worm bites you.
* * * LOW HITPOINT WARNING * * *
You slash the worm!
You kill the worm!
Lugonu accepts your kill.
The goblin wields a hunting sling.
The goblin shoots a stone.
You block the stone.
A goblin and a hobgoblin come into view.
The goblin shouts!
The hobgoblin shouts!
A ball python comes into view.
You see here a worm corpse.
You closely miss the goblin. Your kick misses the goblin.
The goblin unwields an uncursed hunting sling.
The goblin hits you.
You die...

... ... #.# #.#
#.#
..#####.###.###
.......g..g.g.S
#. #@# #. #(#
#.# #)#
#..####)#
#.....))##
#....)...#
#........#
#%.......#
#........#


You could see a hobgoblin, 2 goblins and a ball python.

Vanquished Creatures
  Natasha (D:2)
  Terence (D:2)
  Robin (D:2)
  An adder (D:2)
  2 worms (D:2)
  3 leopard geckos
  8 goblins (D:2)
  6 hobgoblins
  3 kobolds
  A bat (D:2)
  2 frilled lizards (D:1)
  4 rats
33 creatures vanquished.

Vanquished Creatures (others)
  7 toadstools (D:2)
7 creatures vanquished.

Grand Total: 40 creatures vanquished

Notes
Turn   | Place    | Note
-------+----------+-------------------------------------------
     0 | Abyss:1  | Gargoyl the Centaur Abyssal Knight began the quest for the Orb.
     0 | Abyss:1  | Reached XP level 1. HP: 19/19 MP: 2/2
   101 | Abyss:1  | Noticed a crimson imp
   110 | Abyss:1  | Noticed a wretched star
   110 | D:1      | Escaped the Abyss
  1023 | D:1      | Reached XP level 2. HP: 26/26 MP: 3/3
  1184 | D:2      | Reached * piety under Lugonu
  1277 | D:2      | Noticed Natasha
  1283 | D:2      | Noticed a crimson imp
  1286 | D:2      | Killed Natasha
  1286 | D:2      | Reached XP level 3. HP: 17/31 MP: 4/4
  1451 | D:2      | Noticed Terence
  1468 | D:2      | Killed Terence
  1468 | D:2      | Reached XP level 4. HP: 10/38 MP: 5/5
  1686 | D:2      | Noticed Robin
  1700 | D:2      | Killed Robin
  1708 | D:2      | HP: 1/38 [worm (5)]
  1711 | D:2      | Slain by a goblin

Skill      XL: |  1  2 |
---------------+-------+-----
Axes           | 2 |  2.5
Armour         | 2 |  2.4
Fighting       | |  3.5
Dodging        | |  0.7
Shields        | |  0.4
Invocations    | |  2.8

Action                   |  1- 3 |  4- 6 || total
-------------------------+-------+-------++-------
Melee: Hand axe          |    60 |    47 ||   107
       Kick              |    10 |     5 ||    15
Invok: Depart the Abyss  |     1 |       ||     1
  Use: Scroll            |     1 |       ||     1
       Potion            |     1 |       ||     1
  Eat: Chunk             |       |     1 ||     1
Armor: Leather armour    |     9 |       ||     9
       Chain mail        |     9 |    32 ||    41
Dodge: Dodged            |    16 |     5 ||    21
Block: Shield            |    24 |    23 ||    47
